 Dungeon Crawl Stone Soup version 0.29-a0-845-g6161e89988 (webtiles) character file.

Game seed: 15224647361946881283

387 zeratav the Stinger (level 6, -3/36 HPs)
             Began as an Octopode Conjurer on July 16, 2022.
             Slain by a phantom (5 damage)
             ... on level 4 of the Dungeon.
             The game lasted 00:11:43 (5288 turns).

zeratav the Stinger (Octopode Conjurer)             Turns: 5288, Time: 00:11:43

Health: -3/36      AC:  1    Str:  6    XL:     6   Next: 78%
Magic:  7/9        EV: 13    Int: 22    God:
Gold:   1448       SH:  0    Dex: 11    Spells: 6/9 levels left

rFire   x . .      SeeInvis .   f - +0 dagger {short}
rCold   + . .      Faith    .   (no shield)
rNeg    . . .      Spirit   .   (helmet restricted)
rPois   +          Reflect  .   (no amulet)
rElec   +          Harm     .   i - ring of poison resistance
rCorr   .          Rampage  .   b - ring of Buji {Ice rElec rPois Will+}
Will    +....                   (no ring)
Stlth   ++++......              (no ring)
HPRegen 0.12/turn               (no ring)
MPRegen 0.11/turn               (no ring)
                                (no ring)
                                (no ring)

@: flying
A: almost no armour, amphibious, 8 rings, camouflage 1, gelatinous body 1,
(nimble swimmer 1), tentacles
a: no special abilities


You were on level 4 of the Dungeon.
You visited 1 branch of the dungeon, and saw 4 of its levels.

You collected 1448 gold pieces.


Innate Abilities, Weirdness & Mutations

You cannot wear most types of armour.
You are amphibious.
You can wear up to eight rings at the same time.
Your skin changes colour to match your surroundings (Stealth+).
Your rubbery body absorbs attacks. (AC +1, EV +1)
((You are camouflaged when in or above water. (Stealth+)))
You have tentacles for arms and can constrict up to eight enemies at once.


   Skills:
 - Level 2.0 Dodging
 - Level 5.0 Stealth
 - Level 2.0 Spellcasting
 - Level 4.7 Conjurations
 + Level 6.3 Poison Magic


You had 6 spell levels left.
You knew the following spells:

 Your Spells              Type           Power      Damage    Failure   Level
a - Magic Dart            Conj           92%        1d7       1%          1
b - Poisonous Vapours     Pois/Air       32%        N/A       5%          2

Your spell library contained the following spells:

 Spells                   Type           Power      Damage    Failure   Level
 Sting                    Tmut/Pois      64%        1d6       3%          1
 Searing Ray              Conj           46%        2d6       3%          2
 Olgreb's Toxic Radiance  Pois           30%        N/A       10%         4
 Dazzling Flash           Conj/Hex       24%        N/A       16%         3
 Summon Guardian Golem    Hex/Summ       2%         N/A       38%         3
 Fulminant Prism          Conj/Hex       6%         3d7       45%         4
 Iskenderun's Mystic Bla  Conj/Tloc      12%        2d5       45%         4
 Orb of Destruction       Conj           11%        9d6       100%        7
 Spellforged Servitor     Conj/Summ      6%         N/A       100%        7

Inventory:

Hand Weapons
 f - a +0 dagger (weapon) {short}
   (You took it off a kobold on level 1 of the Dungeon)
 k - a +0 sling of freezing
   (You took it off a goblin on level 3 of the Dungeon)
Jewellery
 b - the ring of Buji (right tentacle) {Ice rElec rPois Will+}
   (You acquired it on level 3 of the Dungeon)

   [ring of ice]

   It enhances your ice magic.
   rF:        It makes you vulnerable to fire.
   rC:        It protects you from cold.
   rElec:     It insulates you from electricity.
   rPois:     It protects you from poison.
   Will:      It increases your willpower.
 i - a ring of poison resistance (left tentacle)
   (You found it on level 2 of the Dungeon)
Scrolls
 d - 3 scrolls of teleportation {@r4}
 g - a scroll of torment {!r}
 n - 2 scrolls of identify {@r1}
 r - a scroll of vulnerability {unknown}
Potions
 c - a potion of haste {unknown}
 e - a potion of degeneration {unknown}
 h - a potion of flight
 j - a potion of lignification {unknown}
 l - a potion of cancellation {unknown}
 m - 2 potions of attraction {unknown}
 o - a potion of invisibility {unknown}
 q - a potion of ambrosia {unknown}

Dungeon Overview and Level Annotations

Branches:
Dungeon (4/15) Zot: 18708
 Temple: D:4-7

Altars:
Cheibriados
Kikubaaqudgha
Uskayaw

.....).÷###.....#
#######.........# ##
#######.....#### ..
............# .#
######..##### .# #..# .#
#..# .#
######..###############.#
................@W.[.§§.#
#######..##.####.#####..#
....#.####.#####..#
.....#..........#§.#
#####.######.###.#§.# ..
.... #.#[.# #.# ###.#
#.#..# .. ..# #.#..# ...
#.#..#


You could see a phantom.


Message History

Aim: a phantom (lightly damaged, 100% to hit)
The magic dart hits the phantom.
The phantom hits you but does no damage.
MP[-1]
You lost 1 mp, and now have 6/9 mp.
Casting: Magic Dart (safe; 1% risk of failure)
Confirm with . or Enter, or press ? or * to list all spells.
Aiming: Magic Dart (safe; 1% risk of failure)
Press: ? - help, Shift-Dir - straight line, f/p - phantom
Aim: a phantom (moderately damaged, 100% to hit)
The magic dart hits the phantom.
The phantom hits you.
HP[-3] MP[-1]
You take 3 damage, and now have 31/36 hp.
You lost 1 mp, and now have 5/9 mp.
Casting: Magic Dart (safe; 1% risk of failure)
Confirm with . or Enter, or press ? or * to list all spells.
Aiming: Magic Dart (safe; 1% risk of failure)
Press: ? - help, Shift-Dir - straight line, f/p - phantom
Aim: a phantom (moderately damaged, 100% to hit)
The magic dart hits the phantom but does no damage.
The phantom barely misses you.
MP[-1]
You lost 1 mp, and now have 4/9 mp.
Casting: Magic Dart (safe; 1% risk of failure)
Confirm with . or Enter, or press ? or * to list all spells.
Aiming: Magic Dart (safe; 1% risk of failure)
Press: ? - help, Shift-Dir - straight line, f/p - phantom
Aim: a phantom (moderately damaged, 100% to hit)
The magic dart hits the phantom.
The phantom hits you.
HP[-6] MP[-1]
You take 6 damage, and now have 25/36 hp.
You lost 1 mp, and now have 3/9 mp.
Casting: Magic Dart (safe; 1% risk of failure)
Confirm with . or Enter, or press ? or * to list all spells.
Aiming: Magic Dart (safe; 1% risk of failure)
Press: ? - help, Shift-Dir - straight line, f/p - phantom
Aim: a phantom (heavily damaged, 100% to hit)
The magic dart hits the phantom.
The phantom hits you.
The phantom blinks!
You blink.
HP[-3] MP[-1]
You take 3 damage, and now have 22/36 hp.
You lost 1 mp, and now have 2/9 mp.
Casting: Magic Dart (safe; 1% risk of failure)
Confirm with . or Enter, or press ? or * to list all spells.
Aiming: Magic Dart (safe; 1% risk of failure)
Press: ? - help, Shift-Dir - straight line, f/p - phantom
Aim: a phantom (severely damaged, 100% to hit)
The magic dart hits the phantom.
The phantom hits you.
* * * LOW HITPOINT WARNING * * *
The phantom blinks!
You blink.
HP[-6] MP[-1]
You take 6 damage, and now have 16/36 hp.
You lost 1 mp, and now have 1/9 mp.
Casting: Magic Dart (safe; 1% risk of failure)
Confirm with . or Enter, or press ? or * to list all spells.
Aiming: Magic Dart (safe; 1% risk of failure)
Press: ? - help, Shift-Dir - straight line, f/p - phantom
Aim: a phantom (severely damaged, 100% to hit)
The magic dart hits the phantom but does no damage.
The phantom hits you.
* * * LOW HITPOINT WARNING * * *
HP[-2]
You take 2 damage, and now have 14/36 hp.
Magic courses through your body. The phantom hits you.
* * * LOW HITPOINT WARNING * * *
The phantom blinks!
You blink.
HP[-1] MP[+8]
You take 1 damage, and now have 13/36 hp.
Your mp is fully restored (9).
Casting: Magic Dart (safe; 1% risk of failure)
Confirm with . or Enter, or press ? or * to list all spells.
Aiming: Magic Dart (safe; 1% risk of failure)
Press: ? - help, Shift-Dir - straight line, f/p - phantom
Aim: a phantom (severely damaged, 100% to hit)
The magic dart hits the phantom but does no damage.
The phantom hits you.
* * * LOW HITPOINT WARNING * * *
The phantom blinks!
You blink.
HP[-6] MP[-1]
You take 6 damage, and now have 7/36 hp.
You lost 1 mp, and now have 8/9 mp.
Casting: Magic Dart (safe; 1% risk of failure)
Confirm with . or Enter, or press ? or * to list all spells.
Aiming: Magic Dart (safe; 1% risk of failure)
Press: ? - help, Shift-Dir - straight line, f/p - phantom
Aim: a phantom (severely damaged, 100% to hit)
The magic dart hits the phantom.
The phantom hits you.
* * * LOW HITPOINT WARNING * * *
The phantom blinks!
You blink.
HP[-5] MP[-1]
You take 5 damage, and now have 2/36 hp.
You lost 1 mp, and now have 7/9 mp.
It was a potion of flight.
You feel very buoyant.
You fly up into the air.
The phantom hits you.
You die...

Skill      XL: |  1  2  3  4  5  6 |
---------------+-------------------+-----
Stealth        | 3 4 5 |  5.0
Poison Magic   | 3 4 6 |  6.3
Dodging        | |  2.0
Spellcasting   | |  2.0
Conjurations   | |  4.7

Action                   |  1- 3 |  4- 6 || total
-------------------------+-------+-------++-------
Melee: Rapier            |    11 |       ||    11
       Tentacles         |     3 |     1 ||     4
       Constrict         |     2 |     4 ||     6
       Dagger            |     4 |    17 ||    21
 Cast: Magic Dart        |    63 |    92 ||   155
       Poisonous Vapours |       |    25 ||    25
  Use: Scroll            |       |     8 ||     8
       Potion            |       |     2 ||     2
 Stab: Sleeping          |       |     2 ||     2
Armor: Skin              |     1 |     7 ||     8
Dodge: Dodged            |    10 |    34 ||    44

Levels and vault maps discovered:
D:1:      grunt_arrival_lava_bath, layout_basic,
          hellmonk_ecumenical_altar_leap_of_faith, dk_noncrumbling_3
D:2:      layout_basic
D:3:      layout_basic, mainiacjoe_overflow_alcove_1, kiku_gazebo_pond_becter,
          slow_altar_1, hangedman_decor_riveting,
          amcnicky_mini_rare_corridor_liquid, kennysheep_generic_room_8
D:4:      layout_basic, minmay_misc_feat_tiny, minmay_unequal

Notes
Turn   | Place    | Note
-------+----------+-------------------------------------------
     0 | D:1      | zeratav the Octopode Conjurer began the quest for the Orb.
     0 | D:1      | Reached XP level 1. HP: 11/11 MP: 3/3
     0 | D:1      | magus.rc [v1.9.6]
    99 | D:1      | Reached skill level 3 in Stealth
   162 | D:1      | Reached XP level 2. HP: 7/17 MP: 0/5
   874 | D:1      | Reached XP level 3. HP: 17/21 MP: 2/6
   992 | D:1      | Reached skill level 4 in Stealth
  1629 | D:1      | Found a faded altar of an unknown god.
  1911 | D:2      | You add the spells Sting, Poisonous Vapours and Olgreb's
                  | Toxic Radiance to your library.
  1965 | D:2      | Reached XP level 4. HP: 17/27 MP: 2/7
  2654 | D:3      | Learned a level 2 spell: Poisonous Vapours
  2670 | D:3      | Reached skill level 5 in Stealth
  2670 | D:3      | Reached skill level 1 in Poison Magic
  2740 | D:3      | Reached skill level 2 in Poison Magic
  2877 | D:3      | Reached skill level 3 in Poison Magic
  2877 | D:3      | Reached XP level 5. HP: 25/31 MP: 0/8
  3363 | D:3      | Found a snail-covered altar of Cheibriados.
  3565 | D:3      | Found a hide-covered altar of Uskayaw.
  3886 | D:3      | Reached skill level 4 in Poison Magic
  4064 | D:3      | You pick up a book of Dangerous Friends and begin
                  | reading...
  4064 | D:3      | You add the spells Summon Guardian Golem, Orb of
                  | Destruction and Spellforged Servitor to your library.
  4134 | D:3      | Found an ancient bone altar of Kikubaaqudgha.
  4620 | D:4      | Reached XP level 6. HP: 19/36 MP: 1/9
  4903 | D:4      | Noticed a black bear
  4936 | D:4      | Killed a black bear
  4937 | D:4      | Reached skill level 5 in Poison Magic
  5034 | D:3      | Identified a scroll of acquirement
  5034 | D:3      | Acquired the ring of Buji {Ice rElec rPois Will+}
  5077 | D:4      | Acquired 1276 gold pieces
  5202 | D:4      | Reached skill level 6 in Poison Magic
  5286 | D:4      | HP: 7/36 [phantom (6)]
  5287 | D:4      | HP: 2/36 [phantom (5)]
  5288 | D:4      | Slain by a phantom

Vanquished Creatures
  A scorpion (D:4)
  2 hounds
  An orc wizard (D:3)
  A mummy (D:3)
  3 gnolls
  3 adders
  2 worms
  2 dart slugs
  6 orcs
  7 ball pythons
  11 endoplasms
  2 goblins (D:3)
  7 hobgoblins
  9 kobolds
  2 quokkas
  7 bats
  5 rats
71 creatures vanquished.

Vanquished Creatures (collateral kills)
  A black bear (D:4)
1 creature vanquished.

Grand Total: 72 creatures vanquished

Table legend:
 A = Non-vault XP
 B = Vault XP
 C = Vault XP percentage of total XP
 D = Non-vault monster count
 E = Vault monster count
 F = Vault count percentage of total count
                 A         B        C        D         E       F
            +---------+---------+-------+---------+---------+-------
      Total |     531 |      22 |   4.0 |      69 |       3 |   4.2
            +---------+---------+-------+---------+---------+-------
        D:1 |      56 |       0 |   0.0 |      32 |       0 |   0.0
        D:2 |      57 |       0 |   0.0 |      10 |       0 |   0.0
        D:3 |     141 |      22 |  13.5 |      12 |       3 |  20.0
        D:4 |     277 |       0 |   0.0 |      15 |       0 |   0.0
            +---------+---------+-------+---------+---------+-------

Illustrated notes

Table legend:
 A = Kills in this place as a percentage of kills in entire the game.
 B = Kills by you in this place as a percentage of kills by you in the entire game.
 C = Kills by friends in this place as a percentage of kills by friends in the entire game.
 D = Other kills in this place as a percentage of other kills in the entire game.
 E = Experience gained in this place as a percentage of experience gained in the entire game.
 F = Experience gained in this place divided by the number of levels of this place that you have seen.
                   A       B       C       D       E      F
               +-------+-------+-------+-------+-------+----------------------
         Total | 100.0 | 100.0 | 100.0 |   N/A | 100.0 | 138.2
       Dungeon | 100.0 | 100.0 | 100.0 |   N/A | 100.0 | 138.2
               +-------+-------+-------+-------+-------+----------------------

Table legend: (Time is in decaauts)
 A = Elapsed time spent in this place.
 B = Non-inter-level travel time spent in this place.
 C = Inter-level travel time spent in this place.
 D = Time resting spent in this place.
 E = Time spent auto-exploring this place.
 F = Levels seen in this place.
 G = Mean time per level.
                   A        B        C        D        E       F      G
               +--------+--------+--------+--------+--------+-----+--------+
         Total |   5291 |   4990 |    301 |   1755 |   1956 |   4 | 1322.8 |
       Dungeon |   5291 |   4990 |    301 |   1755 |   1956 |   4 | 1322.8 |
               +--------+--------+--------+--------+--------+-----+--------+

Top non-repeatable levels by time:
     D:1: 1851 daAuts
     D:3: 1607 daAuts
     D:2: 986 daAuts
     D:4: 845 daAuts
